 Dungeon Crawl Stone Soup version 0.25-a0-719-gde951dce62 (webtiles) character file.

Game seed: 7301816135105924064, levelgen mode: deterministic

106 kae the Insei (level 4, -4/32 HPs)
             Began as a Demonspawn Transmuter on Apr 6, 2020.
             Slain by a wight
             ... wielding a +3 flail
              (13 damage)
             ... on level 2 of the Dungeon.
             The game lasted 00:01:36 (2377 turns).

kae the Insei (Demonspawn Transmuter)               Turns: 2377, Time: 00:01:37

Health: -4/32      AC:  2    Str: 11    XL:     4   Next: 55%
Magic:  6/8        EV: 14    Int: 14    God:
Gold:   29         SH:  0    Dex: 14    Spells: 2/8 levels left

rFire    + . .     SeeInvis .     - Unarmed
rCold    + . .     Gourm    .   (no shield)
rNeg     . . .     Faith    .   b - +0 robe
rPois    .         Spirit   .   (no helmet)
rElec    .         Reflect  .   (no cloak)
rCorr    .         Harm     .   (no gloves)
MR       .....                  (no boots)
Stlth    ++........             (no amulet)
HPRegen  0.10/turn              k - ring of protection from fire
MPRegen  0.11/turn              f - ring of protection from cold

@: no status effects
A: repulsion field 1, demonic guardian 1, nightstalker 1
a: no special abilities


You were on level 2 of the Dungeon.
You were very hungry.

You visited 1 branch of the dungeon, and saw 3 of its levels.

You collected 29 gold pieces.

Inventory:

Missiles
 a - 39 arrows
Armour
 b - a +0 robe (worn)
Jewellery
 f - a ring of protection from cold (right hand)
 k - a ring of protection from fire (left hand)
Scrolls
 g - 4 scrolls of identify {unknown}
 h - a scroll of enchant armour {unknown}
 i - a scroll of immolation {unknown}
Potions
 c - a potion of curing {unknown}
 e - 2 potions of heal wounds {unknown}
 j - a potion of haste {unknown}
 l - 2 potions of degeneration {unknown}
Comestibles
 d - 3 rations


   Skills:
 - Level 1.0 Fighting
 - Level 1.7 Dodging
 * Level 4.0 Unarmed Combat
 + Level 2.8 Spellcasting
 + Level 2.6 Transmutations


You had 2 spell levels left.
You knew the following spells:

 Your Spells              Type           Power        Failure   Level  Hunger
a - Beastly Appendage     Tmut           #.....       8%          1    #......
b - Sticks to Snakes      Tmut           #.......     12%         2    ###....
c - Spider Form           Tmut/Pois      #.........   36%         3    ###....

Your spell library contained the following spells:

 Spells                   Type           Power        Failure   Level  Hunger
 Ice Form                 Ice/Tmut       #.......     77%         4    #####..
 Blade Hands              Tmut           #.........   91%         5    ######.


Dungeon Overview and Level Annotations

Branches:
Dungeon (3/15)

Altars:
Ashenzari


Innate Abilities, Weirdness & Mutations

You are surrounded by a mild repulsion field. (EV +2)
A weak demonic guardian rushes to your aid.
You are slightly more attuned to the shadows.


Message History

The wight hits you with a +3 flail!
You are too injured to fight recklessly!
You are too injured to fight recklessly!
You are too injured to fight recklessly!
You are too injured to fight recklessly!
You barely miss the wight.
The wight is heavily damaged.
The wight hits you with a +3 flail!
* * * LOW HITPOINT WARNING * * *
You hit the wight but do no damage.
The wight is heavily damaged.
You completely miss the wight.
The wight is heavily damaged.
The wight closely misses you.
Your transformation has ended.
Your +0 robe unmelds from your body.
You hit the wight but do no damage.
The wight is heavily damaged.
The wight hits you with a +3 flail!
You die...

..########### #.# #####
..#.........############.####....
..#....................((........
..#..........###########)####....
..#..........# #.# #....
..#..........# #.# #....
..#..........# #.# #....
..#..........###########.########
............>..z@................
###.........############.###..#.#
....................<....####.#..
.#####...#################.......
.# #...# #...#..### .# #...#
#..##.##.. .# ##### #..#..#).. .#
######### #..#...)#. .# #...[...#
#..##..##.


You could see a wight.

Vanquished Creatures
  4 gnolls (D:2)
  2 adders (D:2)
  An ooze (D:2)
  A worm (D:2)
  An adder zombie (D:2)
  A dart slug (D:1)
  A leopard gecko (D:1)
  5 bats
  4 goblins
  3 hobgoblins (D:2)
  2 quokkas (D:2)
  A ball python (D:1)
  3 kobolds
  5 rats
34 creatures vanquished.

Vanquished Creatures (collateral kills)
  Terence (D:2)
1 creature vanquished.

Grand Total: 35 creatures vanquished

Notes
Turn   | Place    | Note
-------+----------+-------------------------------------------
     0 | D:1      | kae the Demonspawn Transmuter began the quest for the Orb.
     0 | D:1      | Reached XP level 1. HP: 15/15 MP: 3/3
   181 | D:1      | Reached skill level 3 in Unarmed Combat
   341 | D:1      | Found a shattered altar of Ashenzari.
   429 | D:1      | Gained mutation: A weak demonic guardian rushes to your
                  | aid. [demonic ancestry]
   429 | D:1      | Reached XP level 2. HP: 20/21 MP: 3/5
   433 | D:1      | Learned a level 2 spell: Sticks to Snakes
  1017 | D:2      | Noticed Terence
  1036 | D:2      | Killed Terence
  1036 | D:2      | Gained mutation: You are slightly more attuned to the
                  | shadows. [demonic ancestry]
  1036 | D:2      | Reached XP level 3. HP: 17/26 MP: 6/6
  1041 | D:2      | Learned a level 3 spell: Spider Form
  1176 | D:2      | Gained mutation: You are surrounded by a mild repulsion
                  | field. (EV +2) [demonic ancestry]
  1176 | D:2      | Reached XP level 4. HP: 8/32 MP: 2/7
  1984 | D:2      | Reached skill level 4 in Unarmed Combat
  2377 | D:2      | Slain by a wight

Levels and vault maps discovered:
D:1:      dpeg_arrival_arbitrary_c, layout_loops_ring, ashenzari_altar_1
D:2:      layout_basic, first_ration, minmay_close_crescents, uniq_terence
D:3:      layout_basic, gammafunk_ghost_icy, uniq_grinder, uniq_sigmund

Skill      XL: |  1  2  3  4 |
---------------+-------------+-----
Unarmed Combat | 3 4 |  4.0
Transmutations | 2 |  2.6
Fighting       | |  1.0
Dodging        | |  1.7
Spellcasting   | |  2.8

Action                   |  1- 3 |  4- 6 || total
-------------------------+-------+-------++-------
Melee: Unarmed           |    75 |    52 ||   127
       Kick              |     7 |     4 ||    11
       Headbutt          |       |     1 ||     1
 Cast: Beastly Appendage |    11 |     5 ||    16
       Spider Form       |     2 |     2 ||     4
       Sticks to Snakes  |       |     2 ||     2
 Stab: Sleeping          |       |     3 ||     3
  Eat: Chunk             |       |     4 ||     4
Armor: Robe              |     9 |    10 ||    19
Dodge: Dodged            |    48 |    40 ||    88

Table legend:
 A = Non-vault XP
 B = Vault XP
 C = Vault XP percentage of total XP
 D = Non-vault monster count
 E = Vault monster count
 F = Vault count percentage of total count
                 A         B        C        D         E       F
            +---------+---------+-------+---------+---------+-------
      Total |     118 |      34 |  22.4 |      32 |       3 |   8.6
            +---------+---------+-------+---------+---------+-------
        D:1 |      18 |       0 |   0.0 |      10 |       0 |   0.0
        D:2 |     100 |      34 |  25.4 |      22 |       3 |  12.0
            +---------+---------+-------+---------+---------+-------
